MAA
VILLA RIDGE BRONCHOS @ SEATTLE TERNS
07/17/2018
 
TOP OF THE 1ST
Villa Ridge Bronchos batting - Pitching for Seattle Terns : RHP Jorge Rivas
Pitching: RHP Jorge Rivas
Batting: RHB Augusto Flores 0-0: Ball
1-0: Fly out, F9 (Flyball, 9M)
Batting: SHB Ken Osborne 0-0: Ball
1-0: Called Strike
1-1: Called Strike
1-2: Foul Ball, location: 2F
1-2: Ball
2-2: Ball
3-2: Base on Balls
Batting: LHB Ray Schneider 0-0: Called Strike
0-1: Called Strike
0-2: Ball
1-2: Ball
2-2: Foul Ball, location: 2F
2-2: Strikes out swinging
Batting: LHB Mike Parker 0-0: Ball
Wild Pitch!
Ken Osborne to second
1-0: Foul Ball, location: 2F
1-1: Swinging Strike
1-2: Strikes out swinging
Top of the 1st over - 0 run(s), 0 hit(s), 0 error(s), 1 left on base; Villa Ridge 0 - Seattle 0
BOTTOM OF THE 1ST
Seattle Terns batting - Pitching for Villa Ridge Bronchos : LHP Mike Benjamin
Pitching: LHP Mike Benjamin
Batting: RHB Hank Kenney 0-0: Foul Ball, location: 2F
0-1: Ball
1-1: Ball
2-1: Ball
3-1: Reached on error, E5 (Groundball, 56)
Batting: RHB Dustin O'Quinlevan 0-0: Ball
1-0: Ball
2-0: Foul Ball, location: 2F
2-1: Ball
3-1: Base on Balls
Hank Kenney to second
Batting: LHB Rufo Flores 0-0: Called Strike
0-1: Ball
1-1: SINGLE (Groundball, 56D)
Hank Kenney to third
Dustin O'Quinlevan to second
Runner from 3rd tries for Home, SAFE, no throw or cutoff
Batting: RHB Curt Pope 0-0: Ball
1-0: Hit by Pitch
Dustin O'Quinlevan to third
Rufo Flores to second
Batting: RHB David Ramírez 0-0: Called Strike
0-1: Swinging Strike
0-2: Foul Ball, location: 2F
0-2: Ball
1-2: Strikes out looking
Batting: RHB Joe Chase 0-0: Called Strike
0-1: Called Strike
0-2: Ball
1-2: Strikes out swinging
Batting: SHB Tom Craft 0-0: Ball
1-0: Swinging Strike
1-1: Ball
2-1: SINGLE (Line Drive, 56D)
Dustin O'Quinlevan scores
Rufo Flores to third
Curt Pope to second
Runner from 3rd tries for Home, SAFE, no throw or cutoff
Batting: RHB Don McCord 0-0: Ball
1-0: Foul Ball, location: 2F
1-1: Ball
2-1: Foul Ball, location: 2F
2-2: Foul Ball, location: 2F
2-2: Foul Ball, location: 2F
2-2: Ball
3-2: Ground out U3 (Groundball, 3)
Bottom of the 1st over - 3 run(s), 2 hit(s), 1 error(s), 2 left on base; Villa Ridge 0 - Seattle 3
TOP OF THE 2ND
Villa Ridge Bronchos batting - Pitching for Seattle Terns : RHP Jorge Rivas
Batting: LHB Lonnie Austin 0-0: Ball
1-0: Ball
2-0: Swinging Strike
2-1: Called Strike
2-2: Ball
3-2: Fly out, F9 (Line Drive, 89M)
Batting: SHB Felipe González 0-0: Ball
1-0: Ball
2-0: Called Strike
2-1: Foul Ball, location: 2F
2-2: Strikes out swinging
Batting: RHB Adrian Draper 0-0: Foul Ball, location: 2F
0-1: Swinging Strike
0-2: Strikes out swinging
Top of the 2nd over - 0 run(s), 0 hit(s), 0 error(s), 0 left on base; Villa Ridge 0 - Seattle 3
BOTTOM OF THE 2ND
Seattle Terns batting - Pitching for Villa Ridge Bronchos : LHP Mike Benjamin
Batting: LHB Wilson Horton 0-0: Foul Ball, location: 2F
0-1: Ball
1-1: Ball
2-1: Foul Ball, location: 2F
2-2: Foul Ball, location: 2F
2-2: Ball
3-2: Foul Ball, location: 2F
3-2: Fly out, F7 (Flyball, 78M)
Batting: RHB Hank Kenney 0-0: Ball
1-0: Ball
2-0: Called Strike
2-1: Swinging Strike
2-2: Strikes out looking
Batting: RHB Dustin O'Quinlevan 0-0: Fly out, F9 (Flyball, 9LM)
Bottom of the 2nd over - 0 run(s), 0 hit(s), 0 error(s), 0 left on base; Villa Ridge 0 - Seattle 3
TOP OF THE 3RD
Villa Ridge Bronchos batting - Pitching for Seattle Terns : RHP Jorge Rivas
Batting: RHB Salvador Martínez 0-0: Ball
1-0: Fly out, F8 (Line Drive, 8LS)
Batting: SHB Shawn Sánchez 0-0: SINGLE (Line Drive, 34D)
Batting: RHB Augusto Flores 0-0: Called Strike
0-1: Ball
Shawn Sánchez is caught stealing 2nd base
1-1: Foul Ball, location: 2F
1-2: Foul Ball, location: 2F
1-2: Ball
2-2: Ball
3-2: Foul Ball, location: 2F
3-2: Base on Balls
Batting: SHB Ken Osborne 0-0: Ball
1-0: Ball
2-0: SINGLE (Groundball, 25) (infield hit)
Augusto Flores to second
Batting: LHB Ray Schneider 0-0: Called Strike
0-1: Foul Ball, location: 2F
0-2: Strikes out swinging
Top of the 3rd over - 0 run(s), 2 hit(s), 0 error(s), 2 left on base; Villa Ridge 0 - Seattle 3
BOTTOM OF THE 3RD
Seattle Terns batting - Pitching for Villa Ridge Bronchos : LHP Mike Benjamin
Batting: LHB Rufo Flores 0-0: SINGLE (Line Drive, 56)
Batting: RHB Curt Pope 0-0: Fly out, F5 (Popup, 15)
Batting: RHB David Ramírez 0-0: Ball
1-0: Ball
2-0: Ball
3-0: Called Strike
3-1: Foul Ball, location: 2F
3-2: Fly out, F7 (Flyball, 7LM)
Batting: RHB Joe Chase 0-0: Ball
1-0: Ball
2-0: Ball
3-0: Called Strike
3-1: Fielders Choice at 2nd, U6 (Groundball, 6M)
Bottom of the 3rd over - 0 run(s), 1 hit(s), 0 error(s), 1 left on base; Villa Ridge 0 - Seattle 3
TOP OF THE 4TH
Villa Ridge Bronchos batting - Pitching for Seattle Terns : RHP Jorge Rivas
Batting: LHB Mike Parker 0-0: Ball
1-0: SINGLE (Line Drive, 7LS)
Batting: LHB Lonnie Austin 0-0: Fly out, F7 (Line Drive, 7M)
Batting: SHB Felipe González 0-0: Ball
1-0: Called Strike
1-1: Ball
2-1: Foul Ball, location: 2F
2-2: Foul Ball, location: 2F
2-2: Foul Ball, location: 2F
2-2: Ball
3-2: Fly out, F4 (Popup, 4MS)
Batting: RHB Adrian Draper 0-0: Ball
1-0: Ball
2-0: Ball
3-0: Foul Ball, location: 2F
3-1: Foul Ball, location: 2F
3-2: Fly out, F7 (Flyball, 7M)
Top of the 4th over - 0 run(s), 1 hit(s), 0 error(s), 1 left on base; Villa Ridge 0 - Seattle 3
BOTTOM OF THE 4TH
Seattle Terns batting - Pitching for Villa Ridge Bronchos : LHP Mike Benjamin
Batting: SHB Tom Craft 0-0: Ball
1-0: Called Strike
1-1: Ball
2-1: Foul Ball, location: 2F
2-2: Ball
3-2: Base on Balls
Batting: RHB Don McCord 0-0: Ball
1-0: Swinging Strike
1-1: Ball
2-1: SINGLE (Flyball, 8RS)
Tom Craft to second
Batting: LHB Wilson Horton 0-0: Called Strike
0-1: Swinging Strike
0-2: Ball
1-2: Strikes out swinging
Batting: RHB Hank Kenney 0-0: Ball
1-0: Foul Ball, location: 2F
1-1: Ball
2-1: Fly out, F7 (Flyball, 78S)
Batting: RHB Dustin O'Quinlevan 0-0: Swinging Strike
0-1: Ball
1-1: Ball
2-1: Called Strike
2-2: Ball
Pickoff Throw to Second - Error! E1
Tom Craft to third
Don McCord to second
3-2: Strikes out swinging
Bottom of the 4th over - 0 run(s), 1 hit(s), 1 error(s), 2 left on base; Villa Ridge 0 - Seattle 3
TOP OF THE 5TH
Villa Ridge Bronchos batting - Pitching for Seattle Terns : RHP Jorge Rivas
Batting: RHB Salvador Martínez 0-0: Fly out, F8 (Line Drive, 8LS)
Batting: SHB Shawn Sánchez 0-0: Called Strike
0-1: Ball
1-1: Ball
2-1: Ball
3-1: Called Strike
3-2: Foul Ball, location: 2F
3-2: Foul Ball, location: 2F
3-2: Foul Ball, location: 2F
3-2: Foul Ball, location: 2F
3-2: Strikes out swinging
Batting: RHB Augusto Flores 0-0: Ball
1-0: Ball
2-0: Foul Ball, location: 2F
2-1: Ground out 5-3 (Groundball, 5S)
Top of the 5th over - 0 run(s), 0 hit(s), 0 error(s), 0 left on base; Villa Ridge 0 - Seattle 3
BOTTOM OF THE 5TH
Seattle Terns batting - Pitching for Villa Ridge Bronchos : LHP Mike Benjamin
Batting: LHB Rufo Flores 0-0: Called Strike
0-1: Ball
1-1: Called Strike
1-2: Ball
2-2: Strikes out swinging
Batting: RHB Curt Pope 0-0: Called Strike
0-1: Ball
1-1: Ball
2-1: Ball
3-1: Base on Balls
Batting: RHB David Ramírez 0-0: Ball
1-0: Swinging Strike
1-1: Ball
2-1: Foul Ball, location: 2F
2-2: Strikes out swinging
Batting: RHB Joe Chase 0-0: Ball
1-0: Ball
2-0: Foul Ball, location: 2F
2-1: Called Strike
Curt Pope steals 2nd base
2-2: Ball
3-2: Ground out 6-3 (Groundball, 6)
Bottom of the 5th over - 0 run(s), 0 hit(s), 0 error(s), 1 left on base; Villa Ridge 0 - Seattle 3
TOP OF THE 6TH
Villa Ridge Bronchos batting - Pitching for Seattle Terns : RHP Jorge Rivas
Batting: SHB Ken Osborne 0-0: Called Strike
0-1: Ground out U3 (Groundball, 3)
Batting: LHB Ray Schneider 0-0: Ball
1-0: Called Strike
1-1: Ball
2-1: Ground out 4-3 (Groundball, 4)
Batting: LHB Mike Parker 0-0: Ball
1-0: Swinging Strike
1-1: Called Strike
1-2: Foul Ball, location: 2F
1-2: Foul Ball, location: 2F
1-2: Strikes out looking
Top of the 6th over - 0 run(s), 0 hit(s), 0 error(s), 0 left on base; Villa Ridge 0 - Seattle 3
BOTTOM OF THE 6TH
Seattle Terns batting - Pitching for Villa Ridge Bronchos : LHP Mike Benjamin
Batting: SHB Tom Craft 0-0: Ball
1-0: Ball
2-0: Foul Ball, location: 2F
2-1: Ball
3-1: Called Strike
3-2: Base on Balls
Pitching: RHP Anthony Graham
Batting: RHB Don McCord 0-0: Called Strike
0-1: Bunted foul
0-2: Strikes out swinging
Batting: LHB Wilson Horton 0-0: Ball
1-0: Called Strike
1-1: 2-RUN HOME RUN (Line Drive, 89XD), Distance : 429 ft
Batting: RHB Hank Kenney 0-0: Called Strike
0-1: Ground out 5-3 (Groundball, 56S)
Batting: RHB Dustin O'Quinlevan 0-0: Ball
1-0: Swinging Strike
1-1: Ball
2-1: Fly out, F7 (Flyball, 78S)
Bottom of the 6th over - 2 run(s), 1 hit(s), 0 error(s), 0 left on base; Villa Ridge 0 - Seattle 5
TOP OF THE 7TH
Villa Ridge Bronchos batting - Pitching for Seattle Terns : RHP Jorge Rivas
Now at SS: Bruce Hunt
Batting: LHB Lonnie Austin 0-0: Foul Ball, location: 2F
0-1: Swinging Strike
0-2: Foul Ball, location: 2F
0-2: Strikes out swinging
Batting: SHB Felipe González 0-0: Ball
1-0: Ball
2-0: Called Strike
2-1: Fly out, F8 (Flyball, 8RM)
Batting: RHB Adrian Draper 0-0: Ball
1-0: Ground out 6-3 (Groundball, 6M)
Top of the 7th over - 0 run(s), 0 hit(s), 0 error(s), 0 left on base; Villa Ridge 0 - Seattle 5
BOTTOM OF THE 7TH
Seattle Terns batting - Pitching for Villa Ridge Bronchos : RHP Anthony Graham
Batting: LHB Rufo Flores 0-0: Ball
1-0: Ball
2-0: Foul Ball, location: 2F
2-1: Ball
3-1: Foul Ball, location: 2F
3-2: Hit by Pitch
Batting: RHB Curt Pope 0-0: Foul Ball, location: 2F
0-1: Ball
1-1: Called Strike
1-2: Strikes out looking
Batting: RHB David Ramírez 0-0: Ball
1-0: Foul Ball, location: 2F
1-1: Swinging Strike
1-2: Strikes out swinging
Batting: RHB Joe Chase 0-0: Foul Ball, location: 2F
0-1: Foul Ball, location: 2F
0-2: Strikes out looking
Bottom of the 7th over - 0 run(s), 0 hit(s), 0 error(s), 1 left on base; Villa Ridge 0 - Seattle 5
TOP OF THE 8TH
Villa Ridge Bronchos batting - Pitching for Seattle Terns : RHP Jorge Rivas
Pitching: LHP Gian Turicchia
Batting: RHB Salvador Martínez 0-0: Ball
1-0: Ball
2-0: Foul Ball, location: 2F
2-1: Ball
3-1: Called Strike
3-2: Foul Ball, location: 2F
3-2: Strikes out swinging
Batting: SHB Shawn Sánchez 0-0: Foul Ball, location: 2F
0-1: SINGLE (Flyball, 4MD)
Batting: RHB Augusto Flores 0-0: Ball
1-0: Called Strike
1-1: Swinging Strike
1-2: Foul Ball, location: 2F
1-2: Strikes out swinging
Batting: SHB Ken Osborne 0-0: Ball
1-0: Ground out 4-3 (Groundball, 4)
Top of the 8th over - 0 run(s), 1 hit(s), 0 error(s), 1 left on base; Villa Ridge 0 - Seattle 5
BOTTOM OF THE 8TH
Seattle Terns batting - Pitching for Villa Ridge Bronchos : RHP Anthony Graham
Pitching: RHP Joe Lynn
Batting: SHB Tom Craft 0-0: Called Strike
0-1: Ball
1-1: Ball
2-1: Foul Ball, location: 2F
2-2: Ball
3-2: Foul Ball, location: 2F
3-2: Fly out, F9 (Flyball, 89M)
Batting: RHB Don McCord 0-0: Ball
1-0: Called Strike
1-1: Ball
2-1: Ball
3-1: Fly out, F7 (Flyball, 7S)
Batting: LHB Wilson Horton 0-0: Swinging Strike
0-1: Ball
1-1: Fly out, F5 (Popup, 5SF)
Bottom of the 8th over - 0 run(s), 0 hit(s), 0 error(s), 0 left on base; Villa Ridge 0 - Seattle 5
TOP OF THE 9TH
Villa Ridge Bronchos batting - Pitching for Seattle Terns : LHP Gian Turicchia
Batting: LHB Ray Schneider 0-0: Fly out, F8 (Flyball, 8RD)
Batting: LHB Mike Parker 0-0: Ball
1-0: Called Strike
1-1: Called Strike
1-2: SINGLE (Line Drive, 34D)
Batting: LHB Lonnie Austin 0-0: Ball
1-0: Called Strike
1-1: Swinging Strike
1-2: Foul Ball, location: 2F
1-2: Foul Ball, location: 2F
1-2: Ball
2-2: Strikes out swinging
Batting: SHB Felipe González 0-0: Foul Ball, location: 2F
0-1: Foul Ball, location: 2F
0-2: Ball
1-2: Ball
2-2: Fielders Choice at 2nd, U4 (Groundball, 4M)
Top of the 9th over - 0 run(s), 1 hit(s), 0 error(s), 1 left on base; Villa Ridge 0 - Seattle 5
This league is powered by Out of the Park Baseball, the baseball management simulation game for PC, Mac and Linux
Monday, May 4th, 2015 - OOTP Baseball 15.6 Build 34